 Dungeon Crawl Stone Soup version 0.17-a0-1475-g9f81d98 (webtiles) character file.

1178 xgamer67 the Destroyer (level 8, 0/69 HPs)
             Began as an Octopode Fire Elementalist on July 2, 2015.
             Was a Follower of Vehumet.
             Succumbed to a killer bee's poison
             ... on level 7 of the Dungeon.
             The game lasted 00:33:58 (9005 turns).

xgamer67 the Destroyer (Octopode Fire Elementalist) Turns: 9005, Time: 00:33:58

Health: 0/69       AC: 24    Str:  8    XL:     8   Next: 42%
Magic:  3/20       EV:  2    Int: 19    God:    Vehumet [*.....]
Gold:   362        SH:  0    Dex: 21    Spells: 4 memorised, 1 level left

rFire  . . .     SeeInvis .     a - +1 rapier "Zoler" {distort, Dex+4}
rCold  . . .     Clarity  +     (no shield)
rNeg   + + +     SustAt   .     (helmet currently unavailable)
rPois  +         Gourm    .     x - amulet of clarity
rElec  .         Spirit   .     p - ring of magical power
rCorr  .         Warding  .     (no ring)
rMut   .         NoTele   +     (no ring)
MR     .....                    (no ring)
Stlth  ++++......               (no ring)
                                (no ring)
                                (no ring)
                                (no ring)

@: agile, lethally poisoned (0 -> -1), tree-form, very slightly contaminated,
hasted, very quick, not resistant to hostile enchantments, stealthy
A: almost no armour, amphibious, 8 rings, (constrict 8), (camouflage 0),
(gelatinous body 0)
a: Renounce Religion


You were on level 7 of the Dungeon.
You worshipped Vehumet.
Vehumet was aware of your devotion.
You were very hungry.
You were a tree.
You visited 2 branches of the dungeon, and saw 9 of its levels.

You collected 362 gold pieces.

Inventory:

Hand weapons
 a - the +1 rapier "Zoler" (weapon) {distort, Dex+4}
   (You found it on level 6 of the Dungeon)

   It warps and distorts space around it.
   Unwielding it can cause banishment or high damage.
   It affects your dexterity (+4).
 b - a +0 blowgun
 F - a +1 dagger of electrocution
Missiles
 c - 223 stones (quivered)
 r - 7 tomahawks
 v - 30 poisoned needles
Armour
 y - the +18 shield of the gong {rElec rN+ MR+ EV-5}
   (You found it on level 5 of the Dungeon)

   It affects your evasion (-5).
   It insulates you from electricity.
   It protects you from negative energy.
   It affects your resistance to hostile enchantments.
Jewellery
 p - a ring of magical power (left branch)
 w - an uncursed amulet of rage
 x - an amulet of clarity (around neck)
Magical devices
 E - a wand of confusion (14)
 K - a wand of fire (5)
Scrolls
 d - a scroll of remove curse
 e - a scroll of enchant weapon
 f - a scroll of teleportation
 g - a scroll of fog {unknown}
 h - a scroll of magic mapping
 k - 2 scrolls of recharging
 q - a scroll of enchant armour
 B - 4 scrolls of noise {unknown}
 D - a scroll of immolation {unknown}
 G - a scroll of blinking {unknown}
 H - a scroll of random uselessness {unknown}
Potions
 j - a potion of lignification
 z - 3 potions of agility
 I - a potion of mutation {unknown}
 J - a potion of berserk rage {unknown}
Books
 o - a book of Flames

   Spells                             Type                      Level
   a - Flame Tongue                   Conjuration/Fire             1
   b - Throw Flame                    Conjuration/Fire             2
   c - Conjure Flame                  Conjuration/Fire             3
   d - Inner Flame                    Hexes/Fire                   3
   e - Sticky Flame                   Conjuration/Fire             4
   f - Fireball                       Conjuration/Fire             5
Comestibles
 i - 2 slices of pizza
 m - a beef jerky
 n - a meat ration
 t - 2 royal jellies
 u - 5 bread rations
 C - a fruit


   Skills:
 - Level 2.0 Dodging
 - Level 2.6 Stealth
 - Level 2.0 Spellcasting
 + Level 8.5 Conjurations
 + Level 5.7 Fire Magic


You had one spell level left.
You knew the following spells:

 Your Spells              Type           Power        Failure   Level  Hunger
a - Flame Tongue          Conj/Fire      ####.        1%          1    #......
b - Throw Flame           Conj/Fire      ####..       1%          2    ###....
c - Sticky Flame          Conj/Fire      ####....     12%         4    #####..
C - Conjure Flame         Conj/Fire      ####....     2%          3    ###....


Dungeon Overview and Level Annotations

Branches:
Dungeon (8/15)             Temple (1/1) D:5
   Lair: D:8-11

Altars:
Ashenzari
Cheibriados
Dithmenos
Elyvilon
Fedhas
Gozag
Kikubaaqudgha
Makhleb
Nemelex Xobeh
Okawaru
Qazlal
Ru
Sif Muna
Trog
Vehumet
Xom
Yredelemnul
Zin
The Shining One

Annotations:
D:2 exclusion: adder
D:3 exclusion: adder
D:4 exclusions: 4 killer bees and ogre
D:6 exclusions: deep elf mage, phantom and 9 more exclusions
D:7 exclusions: wight, zombie and 14 more exclusions, Prince Ribbit


Innate Abilities, Weirdness & Mutations

You cannot wear most types of armour.
You are amphibious.
You can wear up to eight rings at the same time.
((You can use your tentacles to constrict eight enemies at once.))
((Your skin changes colour to match your surroundings (Stealth).))
((Your rubbery body absorbs attacks (AC +1).))


Message History

Aim: a killer bee (almost dead)
The flame tongue hits the killer bee.
You kill the killer bee!
Vehumet accepts your kill.
The killer bee stings you but does no damage.
Casting: Flame Tongue
Confirm with . or Enter, or press ? or * to list all spells.
Aiming: Flame Tongue
Press: ? - help, Shift-Dir - straight line, f - killer bee
Aim: a killer bee The flame tongue misses the killer bee.
The killer bee stings you but does no damage. x2
Casting: Flame Tongue
Confirm with . or Enter, or press ? or * to list all spells.
Aiming: Flame Tongue
Press: ? - help, Shift-Dir - straight line, f/p - killer bee
Aim: a killer bee The flame tongue hits the killer bee.
The killer bee is heavily wounded.
You die...

.#####..# ..#......##........##..
....##.# .......###.......###..
###....# ##.......#.......####..
# ###..####....###........####...
# ###..........# ##........##...#
###........#..# #...###..##...#
....##....##..#####..## #........
.####...y####..y##..## ##........
####....y####.#†♣...# #..#......
.......#y.##..###..>####..##...##
....##..##.y..# ##...##..###.....
#..##....#...####................
#..)........#.......####..####...
..###.###..##..###..# #.## #...
.## #.###...#.## #..####.# ##.##
..# #..##.)...####...##..####.###
..# #..##.................##..###


You could see a killer bee.

Vanquished Creatures
  A sky beast (D:6)
  A necrophage (D:7)
  A phantom (D:7)
  A giant frog (D:7)
  2 killer bees (D:7)
  2 hounds
  2 jellies (D:7)
  2 crimson imps
  3 orc wizards
  2 orc priests
  A giant frog skeleton (D:4)
  2 gnoll shamans
  A worker ant (D:6)
  12 gnolls
  A hound skeleton (D:7)
  Robin (D:2)
  5 adders
  An adder zombie (D:6)
  3 worms
  An adder skeleton (D:5)
  5 giant geckos
  21 orcs
  A ball python (D:2)
  8 bats
  A bat skeleton (D:4)
  4 giant cockroaches
  19 goblins
  9 hobgoblins
  13 jackals
  2 quokkas
  A giant gecko skeleton (D:6)
  4 giant newts (D:2)
  15 kobolds
  A quokka skeleton (D:6)
  A quokka zombie (D:6)
  7 rats
157 creatures vanquished.

Vanquished Creatures (others)
  A worker ant zombie (D:7)
  An orc (D:6)
2 creatures vanquished.

Grand Total: 159 creatures vanquished

Notes
Turn   | Place    | Note
--------------------------------------------------------------
     0 | D:1      | xgamer67 the Octopode Fire Elementalist began the quest for the Orb.
     0 | D:1      | Reached XP level 1. HP: 11/11 MP: 3/3
   165 | D:1      | Reached XP level 2. HP: 6/17 MP: 0/5
   445 | D:1      | Learned a level 2 spell: Throw Flame
  1056 | D:1      | Reached XP level 3. HP: 21/21 MP: 2/6
  1197 | D:1      | Learned a level 3 spell: Conjure Flame
  2395 | D:2      | Reached XP level 4. HP: 27/27 MP: 7/7
  2472 | D:2      | Noticed Robin
  2713 | D:2      | Killed Robin
  2713 | D:2      | Reached skill level 4 in Conjurations
  2958 | D:3      | Found a snail-covered altar of Cheibriados.
  3234 | D:3      | Found a shimmering altar of Xom.
  4089 | D:3      | Reached XP level 5. HP: 9/31 MP: 5/8
  4286 | D:3      | Reached skill level 5 in Conjurations
  4401 | D:3      | Found a shimmering altar of Xom.
  4404 | D:3      | Found an opulent altar of Gozag.
  4404 | D:3      | Found a deep blue altar of Sif Muna.
  4404 | D:3      | Found an iron altar of Okawaru.
  4446 | D:3      | Found a stormy altar of Qazlal.
  4451 | D:3      | Found an ancient bone altar of Kikubaaqudgha.
  4770 | D:4      | Found a sparkling altar of Nemelex Xobeh.
  4854 | D:4      | Reached XP level 6. HP: 36/36 MP: 8/9
  4941 | D:4      | Noticed an ogre
  5409 | D:4      | Reached skill level 6 in Conjurations
  5878 | D:5      | Entered Level 5 of the Dungeon
  6099 | D:5      | Found a staircase to the Ecumenical Temple.
  6173 | Temple   | Entered the Ecumenical Temple
  6241 | Temple   | Became a worshipper of Vehumet
  6392 | D:5      | Reached skill level 7 in Conjurations
  6472 | D:6      | Reached XP level 7. HP: 41/41 MP: 10/10
  6703 | D:6      | Learned a level 4 spell: Sticky Flame
  6717 | D:6      | Noticed a deep elf mage
  6736 | D:6      | Got a warped rapier
  6747 | D:6      | Identified the +1 rapier "Zoler" {distort, Dex+4} (You found it on level 6 of the Dungeon)
  6986 | D:6      | You fall through a shaft!
  7541 | D:7      | Acquired Vehumet's first power
  7541 | D:7      | Offered knowledge of Sting by Vehumet.
  7949 | D:7      | You fall through a shaft!
  8057 | D:8      | Reached skill level 8 in Conjurations
  8057 | D:8      | Reached XP level 8. HP: 42/46 MP: 11/11
  8284 | D:7      | Noticed Prince Ribbit
  8393 | D:7      | Reached skill level 5 in Fire Magic
  9000 | D:7      | HP: 2/69 [killer bee (6)]
  9005 | D:7      | Succumbed to a killer bee's poison

Vault maps used:
D:1:      tarquinn_simple_flora_water_c
D:2:      minmay_tree_intersection, uniq_robin
D:3:      lemuel_crystal_altar, minmay_overflow_temple_hex, xom_teletrap_fun
D:4:      first_bread, grunt_ministairs_14, nemelex_lonely_heart_becter
D:5:      minmay_temple_entry_trees
D:7:      uniq_prince_ribbit1
Temple:   zaba_magenta_temple_12

Action                   |  1- 3 |  4- 6 |  7- 9 || total
-------------------------+-------+-------+-------++-------
Melee: Unarmed           |    12 |       |       ||    12
       Dagger            |     8 |    11 |     7 ||    26
       Rapier            |       |       |    19 ||    19
 Cast: Flame Tongue      |    72 |   126 |   101 ||   299
       Throw Flame       |       |    33 |     7 ||    40
       Conjure Flame     |       |     3 |     5 ||     8
  Use: Scroll            |     5 |     5 |     3 ||    13
       Potion            |       |       |     6 ||     6
 Stab: Sleeping          |     1 |       |     4 ||     5
  Eat: Chunk             |     5 |    17 |     8 ||    30
       Fruit             |       |       |     1 ||     1
